 Dungeon Crawl Stone Soup version 0.24.1-5-g77f818bfca (webtiles) character file.

Game seed: 18019919474563908749, levelgen mode: deterministic

324 nightchill the Cudgeler (level 6, -3/39 HPs)
             Began as a Gargoyle Gladiator on Apr 26, 2020.
             Slain by an orc wizard
             ... wielding a +0 dagger
              (4 damage)
             ... on level 3 of the Dungeon.
             The game lasted 00:08:59 (2084 turns).

nightchill the Cudgeler (Gargoyle Gladiator)        Turns: 2084, Time: 00:09:00

Health: -3/39      AC:  8    Str: 19    XL:     6   Next: 48%
Magic:  6/6        EV: 12    Int:  9    God:
Gold:   116        SH:  0    Dex: 11    Spells: 5/5 levels left

rFire    . . .     SeeInvis .   a - +0 flail
rCold    . . .     Gourm    .   (no shield)
rNeg     + . .     Faith    .   b - +0 leather armour
rPois    ∞         Spirit   .   c - +0 helmet
rElec    +         Reflect  .   (no cloak)
rCorr    .         Harm     .   (no gloves)
MR       .....                  (no boots)
Stlth    ++........             (no amulet)
HPRegen  0.13/turn              h - ring of stealth
MPRegen  0.10/turn              (no ring)

@: no status effects
A: negative energy resistance 1, electricity resistance, unbreathing,
petrification resistance, rot immunity, AC +4
a: no special abilities


You were on level 3 of the Dungeon.
You were not hungry.

You visited 1 branch of the dungeon, and saw 3 of its levels.

You collected 116 gold pieces.

Inventory:

Hand Weapons
 a - a +0 flail (weapon)
 l - a +0 hunting sling
Missiles
 e - 101 stones
 o - 14 sling bullets
 q - 19 poisoned darts (quivered)
Armour
 b - a +0 leather armour (worn)
 c - a +0 helmet (worn)
Jewellery
 h - a ring of stealth (left hand)
Scrolls
 m - a scroll of magic mapping
 p - a scroll of identify
Potions
 j - 2 potions of brilliance
 n - a potion of resistance
Comestibles
 f - 3 rations
 g - 3 chunks of flesh


   Skills:
 + Level 4.5 Fighting
 * Level 6.0 Maces & Flails
 - Level 1.7 Throwing
 - Level 2.4 Dodging


You had 5 spell levels left.
You didn't know any spells.
Your spell library was empty.

Dungeon Overview and Level Annotations

Branches:
Dungeon (3/15)

Altars:
Uskayaw


Innate Abilities, Weirdness & Mutations

You are resistant to torment.
Your stone body is resilient. (AC +4)
You are immune to poison.
You resist negative energy. (rN+)
You are resistant to electric shocks. (rElec)
You can survive without breathing.
You are immune to petrification.
You are immune to rotting.


Message History

The jackal bites you but does no damage.
The jackal misses you.
You sock the jackal!
You kill the jackal!
Throwing (i - inventory. (/) - cycle)
q - 20 poisoned darts (quivered)
Press: ? - help, Shift-Dir - straight line, f - jackal
Aim: a jackal You throw a poisoned dart.
The poisoned dart hits the jackal.
The jackal is poisoned.
Something barely misses you. Something hits you but does no damage.
You hit something. Something hits you but does no damage.
You barely miss something. Something hits you but does no damage.
You miss something. Something hits you but does no damage.
You barely miss something.
You hear some strange, mumbled words.
A magic dart appears from out of thin air!
The magic dart hits you!
* * * LOW HITPOINT WARNING * * *
You miss something. Something hits you.
You die...

#.##..##..............
#.###.#...#.#.g..#####
**#,#......##...##.# *,
*,,,#.#.#.##..####†# **,
***,**#.#...##..# #.#**,,
*,,,* #.#..##...#**#hg#*,,
#.#** #.#..##.#..,,.(..$,,
#.# #.#†###.#.#,###..... #.#
#.#@#**,*,*,* *..(.. #.#
###.#{#*,,*,*,* *.#...
#.###...oh#,,**,*,***.#.h.
#.#(..#.#o#,,,,,,,,,,.....
##.#.###.#...***,***,,,,,,,
#..#.#...#..## #!* *..*,,,,
#......#....#**#.#*#..**,,,
##.#.#.##..(..,*#.##..,,#,,,
##......##..###o##..#.##.,,.,


You could see 2 orcs and a jackal.

Vanquished Creatures
  Grinder (D:3)
  6 adders
  A worm (D:2)
  2 dart slugs (D:2)
  2 leopard geckos
  An orc (D:3)
  4 giant cockroaches
  9 goblins
  11 hobgoblins
  15 jackals
  2 quokkas
  7 bats
  3 frilled lizards
  2 kobolds (D:2)
  5 rats (D:1)
71 creatures vanquished.

Notes
Turn   | Place    | Note
-------+----------+-------------------------------------------
     0 | D:1      | nightchill the Gargoyle Gladiator began the quest for the
                  | Orb.
     0 | D:1      | Reached XP level 1. HP: 12/12 MP: 1/1
   116 | D:1      | Reached XP level 2. HP: 17/18 MP: 2/2
   251 | D:1      | Reached XP level 3. HP: 18/22 MP: 3/3
   674 | D:2      | Reached skill level 4 in Maces & Flails
   924 | D:2      | Found a hide-covered altar of Uskayaw.
   970 | D:2      | Reached XP level 4. HP: 28/28 MP: 4/4
  1800 | D:3      | Reached XP level 5. HP: 32/32 MP: 5/5
  1997 | D:3      | Noticed Grinder
  2003 | D:3      | Paralysed by Grinder for 6 turns
  2026 | D:3      | Reached skill level 5 in Maces & Flails
  2059 | D:3      | Killed Grinder
  2059 | D:3      | Reached skill level 6 in Maces & Flails
  2059 | D:3      | Reached XP level 6. HP: 13/39 MP: 6/6
  2083 | D:3      | HP: 1/39 [something/magic dart (8)]
  2084 | D:3      | Slain by an orc wizard

Levels and vault maps discovered:
D:1:      dpeg_arrival_three_same_balls, layout_rooms, minmay_pentomino_p4
D:2:      layout_basic, nicolae_overflow_crystal_walls
D:3:      layout_rooms, grunt_temple_overflow_open, first_ration,
          grunt_ministairs_11, uniq_grinder

Skill      XL: |  1  2  3  4  5 |
---------------+----------------+-----
Fighting       | 3 4 |  4.5
Maces & Flails | 4 6 |  6.0
Throwing       | |  1.7
Dodging        | |  2.4

Action                   |  1- 3 |  4- 6 || total
-------------------------+-------+-------++-------
Melee: Flail             |   112 |   162 ||   274
Throw: Stone             |     5 |     2 ||     7
       Dart              |       |     5 ||     5
       Throwing net      |       |     3 ||     3
  Use: Scroll            |       |     4 ||     4
       Potion            |       |     1 ||     1
 Stab: Sleeping          |     1 |     3 ||     4
  Eat: Chunk             |       |     4 ||     4
Armor: Leather armour    |    54 |   105 ||   159
       Skin              |       |    21 ||    21
Dodge: Dodged            |    71 |   169 ||   240
